 Dungeon Crawl Stone Soup version 0.27-a0-1434-g6f15984924 (webtiles) character file.

Game seed: 9279362973583348093

672 Araneus the Cudgeller (level 7, -7/52 HPs)
             Began as a Demonspawn Fighter on July 3, 2021.
             Mangled by a mummy (13 damage)
             ... in an ossuary.
             The game lasted 00:12:39 (4733 turns).

Araneus the Cudgeller (Demonspawn Fighter)          Turns: 4733, Time: 00:12:39

Health: -7/52      AC:  8    Str: 19    XL:     7   Next: 32%
Magic:  2/2        EV:  9    Int:  9    God:
Gold:   1094       SH:  0    Dex: 12    Spells: 6/6 levels left

rFire    . . .     SeeInvis .   e - +5 demon whip "Spellbinder" {antimagic, Will+}
rCold    . . .     Faith    .   i - +2 buckler
rNeg     . . .     Spirit   .   b - +0 scale mail
rPois    .         Reflect  .   (no helmet)
rElec    .         Harm     .   (no cloak)
rCorr    .         Rampage  .   (no gloves)
Will     +....                  (no boots)
Stlth    ..........             (no amulet)
HPRegen  0.17/turn              (no ring)
MPRegen  0.08/turn              (no ring)

@: confused, ambrosia-drunk
A: claws 1, icy blue scales 1, powered by death 2
a: no special abilities


You were in an ossuary.
You visited 1 branch of the dungeon, and saw 6 of its levels.
You also visited: Ossuary.

You collected 1094 gold pieces.

Inventory:

Hand Weapons
 a - a +1 flail
 e - the +5 demon whip "Spellbinder" (weapon) {antimagic, Will+}
   (You acquired it on level 4 of the Dungeon)

   It reduces the magical energy of the wielder, and disrupts the spells and
   magical abilities of those hit.
   Natural abilities and divine invocations are not affected.
   Will:      It increases your willpower.
Armour
 b - a +0 scale mail (worn)
 c - a +0 kite shield
 i - a +2 buckler (worn)
Jewellery
 o - a +6 ring of strength
Wands
 k - a wand of acid (6)
Scrolls
 f - 2 scrolls of enchant weapon
 g - a scroll of vulnerability
 l - a scroll of amnesia
 m - 2 scrolls of teleportation
Potions
 d - 2 potions of attraction
 j - a potion of curing {unknown}
 n - a potion of berserk rage {unknown}


   Skills:
 - Level 3.0 Fighting
 + Level 7.6 Maces & Flails
 - Level 2.6 Armour
 - Level 2.6 Shields


You had 6 spell levels left.
You didn't know any spells.
Your spell library contained the following spells:

 Spells                   Type           Power      Damage    Failure   Level
 Magic Dart               Conj           0%         1d3       82%         1
 Call Imp                 Summ           0%         N/A       91%         2
 Mephitic Cloud           Conj/Pois/Air  0%         N/A       99%         3
 Ozocubu's Armour         Ice            0%         N/A       99%         3
 Vampiric Draining        Necr           0%         2d6       99%         3
 Fulminant Prism          Conj/Hex       0%         3d6       100%        4
 Iskenderun's Mystic Bla  Conj/Tloc      0%         2d3       100%        4
 Ozocubu's Refrigeration  Ice            0%         4d5       100%        7
 Chain Lightning          Conj/Air       0%         N/A       100%        9


Dungeon Overview and Level Annotations

Branches:
Dungeon (6/15)            Ossuary (1/1)
 Temple: D:4-7

Altars:
Ashenzari
Fedhas
Vehumet
Wu Jian
Xom

Shops:
D:1 *   D:4 [   D:5 ?*[


Innate Abilities, Weirdness & Mutations

You have sharp fingernails.
You are partially covered in icy blue scales. (AC +2)
You regenerate health from kills.


Message History

Found a golden ring.
Found a sand-covered staircase.
Found 7 boomerangs.
o - a +6 ring of strength
There is a sand-covered staircase here.
The world spins around you as you enter the gateway.
You enter an ossuary! 3 mummies come into view.
Found a gate leading back out of this place.
There is an empty arch of ancient stone here.
There is nothing on the other side of the stone arch.
You barely miss the mummy.
Your scale mail prevents you from hitting the mummy.
The mummy hits you!
You barely miss the mummy.
Your scale mail prevents you from hitting the mummy.
You block the mummy's attack. The mummy hits you.
You hit the mummy.
The mummy is moderately damaged.
You block the mummy's attack.
You barely miss the mummy.
The mummy is moderately damaged.
The mummy hits you! The mummy hits you.
You feel much better. The mummy hits you.
You hit the mummy.
The mummy is heavily damaged.
The mummy hits you! x2
* * * LOW HITPOINT WARNING * * *
The mummy hits you!
* * * LOW HITPOINT WARNING * * *
You feel much better.
It was a potion of ambrosia.
You are confused.
You feel invigorated. The mummy hits you! The mummy closely misses you.
The mummy hits you! The mummy hits you but does no damage. The mummy hits you!
You bump into the stone wall.
The mummy hits you!
* * * LOW HITPOINT WARNING * * *
The mummy hits you!
You die...

.^.....
#...^^#
#^.^.^#
#.....#
#..∩..#
#.....#
#..∩..#
#.....#
#@M...#
#MM...#
#.....#
##...##
#####


You could see 3 mummies.

Vanquished Creatures
  Sigmund (D:5)
  An ogre (D:4)
  2 howler monkeys (D:5)
  A centaur zombie (D:4)
  2 bullfrog zombies (D:5)
  2 hounds (D:5)
  An iguana (D:5)
  Natasha (D:2)
  An orc wizard (D:3)
  4 adders
  7 dart slugs
  6 orcs
  6 ball pythons
  4 bats
  6 endoplasms
  3 giant cockroaches
  6 goblins
  9 hobgoblins
  2 jackals (D:2)
  A quokka (D:2)
  3 frilled lizards
  4 kobolds
  A rat (D:3)
74 creatures vanquished.

Notes
Turn   | Place    | Note
-------+----------+-------------------------------------------
     0 | D:1      | Araneus the Demonspawn Fighter began the quest for the Orb.
     0 | D:1      | Reached XP level 1. HP: 18/18 MP: 1/1
    28 | D:1      | Reached skill level 2 in Maces & Flails
   114 | D:1      | Gained mutation: You have sharp fingernails. [demonic
                  | ancestry]
   114 | D:1      | Reached XP level 2. HP: 20/24 MP: 2/2
   464 | D:1      | Reached skill level 3 in Maces & Flails
   503 | D:1      | Reached XP level 3. HP: 27/29 MP: 3/3
   536 | D:1      | Found Sorymi's Assorted Antiques.
   945 | D:2      | Got the Guide on Unholy Confrontation
  1396 | D:2      | Noticed Natasha
  1404 | D:2      | Killed Natasha
  1405 | D:2      | Reached skill level 4 in Maces & Flails
  1405 | D:2      | Gained mutation: You regenerate a little health from kills.
                  | [demonic ancestry]
  1405 | D:2      | Reached XP level 4. HP: 22/35 MP: 4/4
  1720 | D:3      | Found a blossoming altar of Fedhas.
  2234 | D:3      | Found a broken altar of Ashenzari.
  2235 | D:3      | Found a radiant altar of Vehumet.
  2326 | D:3      | Found an ornate altar of the Wu Jian Council.
  2409 | D:3      | Reached XP level 5. HP: 41/41 MP: 5/5
  2592 | D:4      | Noticed an ogre
  2665 | D:4      | Found Birrip's Armour Emporium.
  2960 | D:4      | Found a shimmering altar of Xom.
  3077 | D:4      | Reached skill level 5 in Maces & Flails
  3449 | D:4      | Identified 2 scrolls of acquirement
  3449 | D:4      | Acquired the +5 demon whip "Spellbinder" {antimagic, Will+}
  3450 | D:4      | Found the +5 demon whip "Spellbinder" {antimagic, Will+}
  3452 | D:4      | Acquired 814 gold pieces
  3746 | D:4      | Killed an ogre
  3747 | D:4      | Gained mutation: You are partially covered in icy blue
                  | scales. (AC +2) [demonic ancestry]
  3747 | D:4      | Reached XP level 6. HP: 47/47 MP: 2/6
  3847 | D:5      | Entered Level 5 of the Dungeon
  3853 | D:5      | Reached skill level 6 in Maces & Flails
  3969 | D:5      | Noticed Sigmund
  3975 | D:5      | Killed Sigmund
  3976 | D:5      | Reached skill level 7 in Maces & Flails
  3976 | D:5      | Gained mutation: You regenerate health from kills. [demonic
                  | ancestry]
  3976 | D:5      | Reached XP level 7. HP: 39/52 MP: 2/7
  4137 | D:5      | Found Cocorizy's Magic Scroll Emporium.
  4329 | D:5      | Found Tiphe's Armour Shoppe.
  4361 | D:5      | Found Xixemuh's General Store.
  4701 | D:6      | Found a sand-covered staircase.
  4718 | Ossuary  | Entered an ossuary
  4733 | Ossuary  | Mangled by a mummy

Illustrated notes

Levels and vault maps discovered:
D:1:      sevenhm_arrival_forest_fort_small_4, layout_rooms, serial_shops, shop,
          minmay_misc_feat_plants, chequers_serial_rivers_room_a
D:2:      layout_basic, serial_rivers, chequers_serial_rivers_large_a,
          chequers_serial_rivers_room_b, chequers_serial_rivers_micro_a,
          chequers_serial_rivers_micro_a, chequers_serial_rivers_small_a,
          chequers_serial_rivers_small_b, uniq_natasha
D:3:      layout_basic, amcnicky_altar_gilded,
          nicolae_wu_jian_immortal_techniques, minitemple
D:4:      layout_loops_ring, xom_teletrap_fun, nicolae_stop_n_shop_1,
          kennysheep_generic_room_6
D:5:      layout_cave_pools, serial_shops, kennysheep_mini, nicolae_square_shop,
          nicolae_stop_n_shop_2, minmay_misc_feat_chi, hangedman_decor_lopped,
          chequers_serial_rivers_small_3, uniq_sigmund
D:6:      layout_basic, kennysheep_little_box, kennysheep_mini_moat,
          enter_ossuary_1
Ossuary:  ossuary_the_hunt_dpeg

Skill      XL: |  1  2  3  4  5  6 |
---------------+-------------------+-----
Maces & Flails | 2 3 4 5 7 |  7.6
Fighting       | |  3.0
Armour         | |  2.6
Shields        | |  2.6

Action                   |  1- 3 |  4- 6 |  7- 9 || total
-------------------------+-------+-------+-------++-------
Melee: Flail             |   105 |    90 |       ||   195
       Demon whip        |       |    32 |    16 ||    48
  Use: Potion            |       |     1 |     3 ||     4
       Scroll            |       |    12 |       ||    12
Armor: Scale mail        |    53 |    51 |     3 ||   107
Dodge: Dodged            |    57 |    49 |     2 ||   108
Block: Kite shield       |    19 |       |       ||    19
       Buckler           |    28 |    56 |     5 ||    89

Table legend: (Time is in decaauts)
 A = Elapsed time spent in this place.
 B = Non-inter-level travel time spent in this place.
 C = Inter-level travel time spent in this place.
 D = Time resting spent in this place.
 E = Time spent auto-exploring this place.
 F = Levels seen in this place.
 G = Mean time per level.
                   A        B        C        D        E       F      G
               +--------+--------+--------+--------+--------+-----+--------+
         Total |   4846 |   4655 |    191 |    364 |   3493 |   7 |  692.3 |
       Dungeon |   4833 |   4642 |    191 |    364 |   3493 |   6 |  805.5 |
       Ossuary |     13 |     13 |      0 |      0 |      0 |   1 |   13.0 |
               +--------+--------+--------+--------+--------+-----+--------+

Top non-repeatable levels by time:
     D:4: 1192 daAuts
     D:3: 1038 daAuts
     D:2: 917 daAuts
     D:1: 816 daAuts
     D:5: 741 daAuts
     D:6: 126 daAuts
 Ossuary: 13 daAuts
